 Dungeon Crawl Stone Soup version 0.26-a0-639-g72c4674329 (webtiles) character file.

Game seed: 9940692340347287282

228 Lanoc the Stinger (level 5, -1/38 HPs)
             Began as a Draconian Venom Mage on Sept 18, 2020.
             Slain by an orc wizard
             ... wielding a +0 dagger
              (4 damage)
             ... in the Ecumenical Temple.
             The game lasted 00:03:49 (2508 turns).

Lanoc the Stinger (Draconian Venom Mage)            Turns: 2508, Time: 00:03:50

Health: -1/38      AC:  5    Str:  9 (10) XL:     5   Next: 71%
Magic:  1/8        EV: 13    Int: 16 (17) God:
Gold:   143        SH:  0    Dex:  9 (11) Spells: 7/8 levels left

rFire    . . .     SeeInvis .   (no weapon)
rCold    . . .     Faith    .   (no shield)
rNeg     . . .     Spirit   .   (armour unavailable)
rPois    .         Reflect  .   (helmet restricted)
rElec    .         Harm     .   (no cloak)
rCorr    .         Rampage  .   (no gloves)
MR       .....                  (no boots)
Stlth    ++........             (no amulet)
HPRegen  0.12/turn              (no ring)
MPRegen  0.11/turn              (no ring)

@: lethally poisoned (-1 -> -3)
A: unfitting armour, cold-blooded, AC +5
a: no special abilities


You were in the Ecumenical Temple.
You visited 2 branches of the dungeon, and saw 5 of its levels.

You collected 143 gold pieces.

Inventory:

Wands
 k - a wand of iceblast (7)
Scrolls
 a - 2 scrolls of magic mapping {unknown}
 b - 2 scrolls of random uselessness {unknown}
 c - a scroll of fog {unknown}
 d - 2 scrolls of identify {unknown}
 e - 4 scrolls of enchant armour {unknown}
 f - 2 scrolls of remove curse {unknown}
 h - a scroll of fear {unknown}


   Skills:
 + Level 3.4 Dodging
 - Level 1.7 Stealth
 - Level 2.0 Spellcasting
 - Level 1.0 Transmutations
 * Level 5.6 Poison Magic


You had 7 spell levels left.
You knew the following spells:

 Your Spells              Type           Power        Failure   Level
a - Sting                 Tmut/Pois      ##..         5%          1

Your spell library contained the following spells:

 Spells                   Type           Power        Failure   Level
 Poisonous Vapours        Pois/Air       ##....       10%         2
 Olgreb's Toxic Radiance  Pois           ###.....     21%         4
 Ignite Poison            Fire/Tmut/Pois #.......     26%         3
 Mephitic Cloud           Conj/Pois/Air  #.......     28%         3


Dungeon Overview and Level Annotations

Branches:
Dungeon (4/15)             Temple (1/1) D:4

Altars:
Cheibriados
Hepliaklqana
Qazlal
Uskayaw


Innate Abilities, Weirdness & Mutations

Your plain brown scales are hard. (AC +5)
You cannot fit into any form of body armour.
You are cold-blooded and may be slowed by cold attacks.


Message History

You feel sick.
You kill the adder!
* * * LOW HITPOINT WARNING * * *
You feel sick.
* * * LOW HITPOINT WARNING * * *
You feel sick.
* * * LOW HITPOINT WARNING * * *
You feel sick.
There is a staircase to the Ecumenical Temple here.
* * * LOW HITPOINT WARNING * * *
You feel sick. Something barely misses you.
You climb downwards.
Welcome to the Ecumenical Temple!
Reactivating autopickup.
There is a staircase back to the Dungeon here.
Something hits you but does no damage.
Deactivating autopickup; reactivate with Ctrl-A.
Found a hide-covered altar of Uskayaw.
* * * LOW HITPOINT WARNING * * *
You feel sick. Something hits you.
You die...

# ####..
###......
#####........
#....@.._....
#...{#......#
#.<.......###
#.....#####
#.....#
#######


There were no monsters in sight!

Vanquished Creatures
  2 centaur skeletons (D:4)
  An orc priest (D:4)
  An orc wizard (D:4)
  Jessica (D:3)
  4 adders
  An ooze (D:3)
  A worm (D:4)
  2 dart slugs (D:4)
  A leopard gecko (D:3)
  4 orcs (D:3)
  2 giant cockroaches
  5 goblins
  4 hobgoblins
  3 jackals (D:1)
  A bat (D:3)
  4 frilled lizards
  5 kobolds
  A leopard gecko skeleton (D:3)
  A rat (D:3)
44 creatures vanquished.

Notes
Turn   | Place    | Note
-------+----------+-------------------------------------------
     0 | D:1      | Lanoc the Draconian Venom Mage began the quest for the Orb.
     0 | D:1      | Reached XP level 1. HP: 14/14 MP: 3/3
   216 | D:1      | Reached XP level 2. HP: 13/20 MP: 1/5
   927 | D:3      | Reached XP level 3. HP: 19/26 MP: 1/6
  1140 | D:3      | Noticed Jessica
  1144 | D:3      | Killed Jessica
  1144 | D:3      | Reached skill level 4 in Poison Magic
  1202 | D:3      | Reached XP level 4. HP: 31/33 MP: 2/7
  2006 | D:4      | Found a hazy altar of Hepliaklqana.
  2009 | D:4      | Found a snail-covered altar of Cheibriados.
  2045 | D:4      | Reached skill level 5 in Poison Magic
  2045 | D:4      | Reached XP level 5. HP: 17/38 MP: 5/8
  2377 | D:4      | Found a stormy altar of Qazlal.
  2495 | D:4      | Found a staircase to the Ecumenical Temple.
  2505 | Temple   | Entered the Ecumenical Temple
  2508 | Temple   | Slain by an orc wizard

Illustrated notes

Levels and vault maps discovered:
D:1:      minmay_arrival_wavy_path, layout_basic,
          hangedman_decor_clover_reticule
D:2:      minmay_door_path, layout_loops_ring, minmay_strange_pillars,
          chequers_serial_rivers_micro_a
D:3:      layout_loops_corners, uniq_jessica
D:4:      layout_basic, kennysheep_okawaru_gauntlet, grunt_temple_overflow_open,
          xom_teletrap_fun, minmay_temple_entry_mini_moons
Temple:   regret_index_temple_waves

Skill      XL: |  1  2  3  4 |
---------------+-------------+-----
Dodging        | 2 3 |  3.4
Poison Magic   | 4 5 |  5.6
Stealth        | |  1.7
Spellcasting   | |  2.0
Transmutations | |  1.0

Action                   |  1- 3 |  4- 6 || total
-------------------------+-------+-------++-------
Melee: Unarmed           |    53 |    41 ||    94
       Tailslap          |     5 |     4 ||     9
 Cast: Sting             |    38 |    38 ||    76
  Use: Potion            |       |     5 ||     5
Armor: Skin              |    12 |    19 ||    31
Dodge: Dodged            |    43 |    40 ||    83

Table legend: (Time is in decaauts)
 A = Elapsed time spent in this place.
 B = Non-inter-level travel time spent in this place.
 C = Inter-level travel time spent in this place.
 D = Time resting spent in this place.
 E = Time spent auto-exploring this place.
 F = Levels seen in this place.
 G = Mean time per level.
                   A        B        C        D        E       F      G
               +--------+--------+--------+--------+--------+-----+--------+
         Total |   2506 |   2470 |     36 |      0 |   2115 |   5 |  501.2 |
       Dungeon |   2504 |   2468 |     36 |      0 |   2115 |   4 |  626.0 |
        Temple |      2 |      2 |      0 |      0 |      0 |   1 |    2.0 |
               +--------+--------+--------+--------+--------+-----+--------+

Top non-repeatable levels by time:
     D:3: 1213 daAuts
     D:4: 767 daAuts
     D:1: 338 daAuts
     D:2: 184 daAuts
  Temple: 2 daAuts
